 Dungeon Crawl Stone Soup version 0.31-a0-198-g2ad674f65e (webtiles) character file.

Game seed: 2396787260889685187

292 qw the Skirmisher (level 6, -2/35 HPs)
             Began as a Deep Elf Hunter on June 25, 2023.
             Slain by an ogre
             ... wielding a +0 giant spiked club
              (10 damage)
             ... on level 4 of the Dungeon.
             The game lasted 00:00:49 (2191 turns).

qw the Skirmisher (Deep Elf Hunter)                 Turns: 2191, Time: 00:00:49

Health: -2/35      AC:  6    Str: 10    XL:     6   Next: 10%
Magic:  8/8        EV: 12    Int: 14    God:
Gold:   137        SH:  0    Dex: 24    Spells: 5/5 levels left

rFire   . . .        Y - +0 shortbow
rCold   . . .        (shield currently unavailable)
rNeg    . . .        h - +0 ring mail
rPois   +            (no helmet)
rElec   .            (no cloak)
rCorr   .            (no gloves)
SInv    .            n - +0 pair of boots
Will    .....        d - amulet of regeneration
Stlth   ++           g - +6 ring of dexterity
HPRegen 1.05/turn    k - ring of poison resistance
MPRegen 0.11/turn

%: no passive effects
@: about to teleport
A: no striking features
a: no special abilities


You were on level 4 of the Dungeon.
You visited 1 branch of the dungeon, and saw 4 of its levels.

You collected 187 gold pieces.
You spent 50 gold pieces at shops.


   Skills:
 - Level 2.0 Fighting
 + Level 9.2 Ranged Weapons
 - Level 3.2 Dodging
 - Level 1.2 Stealth


You had 5 spell levels left.
You didn't know any spells.
Your spell library was empty.

Inventory:

Hand Weapons
 Y - a +0 shortbow (weapon)
Armour
 h - a +0 ring mail (worn)
 n - a +0 pair of boots (worn)
Jewellery
 d - an amulet of regeneration (around neck)
 g - a +6 ring of dexterity (left hand)
 k - a ring of poison resistance (right hand)
Wands
 i - a wand of digging (6)
Scrolls
 f - a scroll of identify
Potions
 b - a potion of degeneration {unknown}
 c - a potion of haste {unknown}
 e - a potion of enlightenment
 j - a potion of lignification {unknown}
 m - a potion of ambrosia {unknown}
 o - a potion of curing {unknown}

Dungeon Overview and Level Annotations

Branches:
Dungeon (4/15)
 Temple: D:4-7

Altars:
Nemelex Xobeh

Shops:
D:2 !


Message History

What level of the Dungeon? (default 1, ? - help)
There is a stone staircase leading down here.
You climb downwards.
There is a stone staircase leading up here.
An adder is nearby!
Waypoint 3 assigned to D:4.
You shoot an arrow. The arrow hits the adder!
The adder hisses angrily.
The adder is severely wounded.
You shoot an arrow. The arrow barely misses the adder.
You shoot an arrow. The arrow hits the adder!
You kill the adder!
Your Fighting skill increases to level 2!
An endoplasm comes into view.
The endoplasm quivers.
You shoot an arrow. The arrow hits the endoplasm!
You kill the endoplasm!
An endoplasm and an ogre come into view.
The ogre shouts!
The endoplasm quivers.
The endoplasm moves out of view.
You shoot an arrow.
The arrow hits the ogre but does no damage.
You shoot an arrow. The arrow hits the endoplasm!
You kill the endoplasm!
You shoot an arrow. The arrow barely misses the ogre.
You shoot an arrow. The arrow barely misses the ogre.
The ogre hits you with a +0 giant spiked club!!
Ouch! That really hurt!
2188 ||| READING scroll of teleportation.
As you read the scroll of teleportation, it crumbles to dust.
You feel strangely unstable.
You shoot an arrow. The arrow barely misses the ogre.
The ogre closely misses you.
You shoot an arrow. The arrow hits the ogre.
The ogre is lightly wounded.
The ogre barely misses you.
You shoot an arrow. The arrow hits the ogre!
The ogre is heavily wounded.
The ogre hits you with a +0 giant spiked club!
You die...

.. #.. ##... #..
...... ..##
#.#... .?.
#.#...##.# #
......#.##.##..
#.............
.###..#.#@##.###
.........O.....#
#######.##.....#
#.# .....#
#######.# .....#
#.....#.# .....#
#.###.#.# ######
##.#.....#
#.......##


You could see an ogre.

Vanquished Creatures
  Sigmund (D:2)
  Natasha (twice) (D:2)
  2 adders
  2 worms (D:2)
  A dart slug (D:1)
  An orc (D:3)
  5 ball pythons (D:1)
  6 endoplasms
  2 giant cockroaches
  5 goblins
  8 hobgoblins
  2 jackals (D:1)
  3 quokkas
  5 bats
  3 frilled lizards
  2 kobolds
  6 rats
56 creatures vanquished.

Notes
Turn   | Place    | Note
-------+----------+-------------------------------------------
     0 | D:1      | qw the Deep Elf Hunter began the quest for the Orb.
     0 | D:1      | Reached XP level 1. HP: 12/12 MP: 3/3
     0 | D:1      | 0 ||| qw: Version: 0.3-a-22-g0ed2b0b
     0 | D:1      | 0 ||| qw: Game counter: 4992
     0 | D:1      | 0 ||| qw: Melee chars always use a shield: true
     0 | D:1      | 0 ||| qw: God list: Okawaru
     0 | D:1      | 0 ||| qw: Allow faded altars: false
     0 | D:1      | 0 ||| qw: Do Orc after clearing Dungeon:15 true
     0 | D:1      | 0 ||| qw: Do second Lair branch before Depths: true
     0 | D:1      | 0 ||| qw: Lair rune preference: random
     0 | D:1      | 0 ||| qw: Goals: Normal
     0 | D:1      | 0 ||| PLANNING D:1-11
    47 | D:1      | Reached skill level 6 in Ranged Weapons
    47 | D:1      | Reached XP level 2. HP: 14/16 MP: 4/4
   492 | D:1      | Reached XP level 3. HP: 20/20 MP: 5/5
   576 | D:1      | 576 ||| UPGRADING to +0 ring mail.
   586 | D:1      | 586 ||| DROPPING +0 leather armour.
   587 | D:1      | 587 ||| UPGRADING to +6 ring of dexterity.
   588 | D:1      | 588 ||| READING scroll labelled GEUMON ORIQU.
   589 | D:1      | 589 ||| READING scroll labelled MIT WALEYGO CESA.
   590 | D:1      | 590 ||| DRINKING 2 smoky red potions.
   591 | D:1      | 591 ||| DROPPING scroll of butterflies.
   643 | D:2      | Noticed Natasha
   646 | D:2      | 646 ||| FLEEEEING.
   647 | D:2      | 647 ||| FLEEEEING.
   648 | D:2      | 648 ||| FLEEEEING.
   649 | D:2      | 649 ||| FLEEEEING.
   653 | D:2      | Killed Natasha
   654 | D:2      | Reached skill level 7 in Ranged Weapons
   718 | D:2      | Noticed Sigmund
   731 | D:2      | HP: 5/20 [Sigmund/magic dart (4)]
   732 | D:2      | 732 ||| DRINKING potion of heal wounds.
   737 | D:2      | Killed Sigmund
   738 | D:2      | Reached skill level 9 in Ranged Weapons
   738 | D:2      | Reached XP level 4. HP: 7/25 MP: 6/6
   738 | D:2      | Reached XP level 5. HP: 8/29 MP: 7/7
   938 | D:2      | Found Luxkin's Distillery.
   945 | D:2      | 945 ||| BUYING potion of enlightenment (50 gold).
   945 | D:2      | Bought a potion of enlightenment for 50 gold pieces
   945 | D:2      | 945 ||| SHOPLISTING potion of haste (100 gold, have 25).
   945 | D:2      | 945 ||| SHOPLISTING potion of heal wounds (50 gold, have
                  | 25).
   945 | D:2      | 945 ||| SHOPLISTING potion of resistance (100 gold, have
                  | 25).
  1127 | D:2      | Noticed Natasha
  1134 | D:2      | Killed Natasha
  1135 | D:2      | Reached skill level 3 in Dodging
  1361 | D:2      | 1361 ||| UPGRADING to amulet of regeneration.
  1366 | D:2      | 1366 ||| UPGRADING to ring of poison resistance.
  1367 | D:2      | 1367 ||| READING scroll labelled WUNKUY YREI.
  1468 | D:2      | 1468 ||| READING 2 scrolls labelled KIGRIDGH YGOOS.
  1469 | D:2      | 1469 ||| READING scroll labelled XUIH CECUUWIBLA.
  1470 | D:2      | 1470 ||| READING scroll labelled MAWEXZ ZIEDOI.
  1620 | D:3      | Found a sparkling altar of Nemelex Xobeh.
  1738 | D:3      | Reached XP level 6. HP: 35/35 MP: 8/8
  2123 | D:3      | Found a faded altar of an unknown god.
  2124 | D:3      | 2124 ||| DROPPING scarf of harm.
  2125 | D:3      | 2125 ||| UPGRADING to +0 pair of boots.
  2130 | D:3      | 2130 ||| READING 2 scrolls labelled ZEFECO HUUTIG.
  2187 | D:4      | HP: 4/35 [ogre/+0 giant spiked club (31)]
  2188 | D:4      | 2188 ||| READING scroll of teleportation.
  2191 | D:4      | Slain by an ogre

Levels and vault maps discovered:
D:1:      minmay_arrival_four_circles, layout_basic, serial_forest,
          infiniplex_forest_end_3, infiniplex_forest_straight_2,
          infiniplex_forest_straight_4, infiniplex_forest_straight_4,
          infiniplex_forest_straight_3, infiniplex_forest_split
D:2:      layout_loops_ring, serial_shops, nicolae_shop_advertising_works
          [nicolae_subvault_shop_adworks], uniq_natasha, uniq_sigmund
D:3:      layout_loops_ring, nemelex_spade_bored_becter,
          shapermc_ecumenical_altar_acropolis, minmay_fractal_squares_diagonal_5
D:4:      layout_loops_cross, overflow_temple_1_default, st_stairs_7,
          cheibrodos_gnoll_hut, uniq_edmund

Skill      XL: |  1  2  3  4  5  6 |
---------------+-------------------+-----
Ranged Weapons | 6 9 |  9.2
Dodging        | 3 |  3.2
Fighting       | 2 |  2.0
Stealth        | |  1.2

Action                     |  1- 3 |  4- 6 || total
---------------------------+-------+-------++-------
   Fire: Shortbow          |    86 |    63 ||   149
    Use: Scroll            |     2 |     6 ||     8
         Potion            |     2 |       ||     2
 Armour: Leather armour    |     4 |       ||     4
         Ring mail         |     3 |     5 ||     8
  Dodge: Dodged            |     8 |     7 ||    15

Table legend:
 A = Non-vault XP
 B = Vault XP
 C = Vault XP percentage of total XP
 D = Non-vault monster count
 E = Vault monster count
 F = Vault count percentage of total count
                 A         B        C        D         E       F
            +---------+---------+-------+---------+---------+-------
      Total |     150 |     268 |  64.1 |      48 |       8 |  14.3
            +---------+---------+-------+---------+---------+-------
        D:1 |      43 |       0 |   0.0 |      25 |       0 |   0.0
        D:2 |      63 |     258 |  80.4 |      13 |       2 |  13.3
        D:3 |      26 |      10 |  27.8 |       7 |       6 |  46.2
        D:4 |      18 |       0 |   0.0 |       3 |       0 |   0.0
            +---------+---------+-------+---------+---------+-------
